 Dungeon Crawl Stone Soup version 0.30-a0-219-gf2db51d15e (webtiles) character file.

Game seed: 14897287670985676327

3854 MovingMist the Nimble (level 9, -20/72 HPs)
             Began as a Demonspawn Fighter on Oct 6, 2022.
             Engulfed by a fire crab (shapeshifter)'s flame (22 damage)
             ... on level 8 of the Dungeon.
             The game lasted 00:14:05 (7222 turns).

MovingMist the Nimble (Demonspawn Fighter)          Turns: 7222, Time: 00:14:06

Health: -20/72     AC: 16    Str: 17    XL:     9   Next: 99%
Magic:  9/9        EV: 11    Int: 10    God:
Gold:   412        SH:  6    Dex: 22    Spells: 8/8 levels left

rFire   . . .      SeeInvis .    a - +0 war axe
rCold   . . .      Faith    .    c - +0 buckler
rNeg    . . .      Spirit   .    u - +0 chain mail
rPois   .          Reflect  .    q - +0 helmet
rElec   .          Harm     .    C - +0 cloak
rCorr   .          Rampage  .    D - +1 pair of gloves
Will    .....                    (boots unavailable)
Stlth   ..........               (no amulet)
HPRegen 0.32/turn                y - +6 ring of dexterity
MPRegen 0.11/turn                (no ring)

@: no status effects
A: hooves 3, powered by death 1, spiny 1, sharp scales 1
a: no special abilities


You were on level 8 of the Dungeon.
You visited 2 branches of the dungeon, and saw 9 of its levels.
You also visited: Ossuary.

You collected 412 gold pieces.

Inventory:

Hand Weapons
 a - a +0 war axe (weapon)
Missiles
 i - 2 throwing nets (quivered)
Armour
 c - a +0 buckler (worn)
 q - a +0 helmet (worn)
 u - a +0 chain mail (worn)
 C - a +0 cloak (worn)
 D - a +1 pair of gloves (worn)
 E - a +1 pair of boots
Jewellery
 y - a +6 ring of dexterity (left hand)
 Q - a ring of poison resistance
Wands
 m - a wand of charming (17)
 A - a wand of acid (9)
 F - a wand of mindburst (16)
 P - a wand of polymorph (9)
Scrolls
 j - 2 scrolls of fear
 k - a scroll of summoning {unknown}
 s - a scroll of vulnerability {unknown}
 t - a scroll of torment {unknown}
 v - a scroll of blinking {unknown}
 w - 2 scrolls of enchant weapon {unknown}
 x - a scroll of brand weapon {unknown}
 z - a scroll of noise {unknown}
 B - 4 scrolls of teleportation {unknown}
 H - 2 scrolls of silence {unknown}
 J - a scroll of magic mapping {unknown}
 L - 2 scrolls of immolation {unknown}
 M - a scroll of identify
 N - a scroll of acquirement {unknown}
Potions
 b - 2 potions of magic
 d - 4 potions of might
 e - 6 potions of curing
 f - 2 potions of brilliance {unknown}
 g - 2 potions of lignification {unknown}
 h - 2 potions of flight {unknown}
 l - 4 potions of heal wounds {unknown}
 n - a potion of invisibility
 o - 3 potions of attraction
 p - 2 potions of haste {unknown}
 r - a potion of cancellation {unknown}
 G - 2 potions of degeneration {unknown}
 I - a potion of berserk rage {unknown}
 K - 2 potions of mutation {unknown}
 O - a potion of resistance
 R - a potion of ambrosia {unknown}


   Skills:
 + Level 7.1 Fighting
 + Level 6.1 Axes
 + Level 6.5 Armour
 * Level 8.3 Dodging
 - Level 2.6 Shields


You had 8 spell levels left.
You didn't know any spells.
Your spell library contained the following spells:

 Spells                   Type           Power      Damage    Failure   Level
 Slow                     Hex            0%         N/A       99%         1
 Blink                    Tloc           0%         N/A       100%        2
 Momentum Strike          Conj/Tloc      0%         3d8       100%        2
 Static Discharge         Conj/Air       0%         2-2/arc   100%        2
 Confusing Touch          Hex            0%         N/A       100%        3
 Ignite Poison            Fire/Tmut/Pois 0%         N/A       100%        3
 Lesser Beckoning         Tloc           0%         N/A       100%        3
 Vampiric Draining        Necr           0%         2d6       100%        3
 Vhi's Electric Charge    Tloc/Air       0%         N/A       100%        3
 Cause Fear               Hex            0%         N/A       100%        4
 Sticky Flame             Conj/Fire      0%         2d3       100%        4
 Arcjolt                  Conj/Air       0%         1d10      100%        5
 Lightning Bolt           Conj/Air       0%         1d11      100%        5
 Dragon Form              Tmut           0%         N/A       100%        7
 Ignition                 Fire           0%         3d3       100%        8
 Dragon's Call            Summ           0%         N/A       100%        9


Dungeon Overview and Level Annotations

Branches:
Dungeon (8/15)             Temple (1/1) D:7         Ossuary (visited)
   Lair: D:8-11

Altars:
Ashenzari
Cheibriados
Dithmenos
Fedhas
Hepliaklqana
Kikubaaqudgha
Makhleb
Nemelex Xobeh
Qazlal
Ru
Sif Muna
Trog
Uskayaw
Vehumet
Wu Jian
Xom
Yredelemnul


Innate Abilities, Weirdness & Mutations

You have hooves in place of feet.
You regenerate a little health from kills.
You are partially covered in sharp spines.
You are partially covered in razor-sharp scales. (AC +1, Slay +1)


Message History

You hit the komodo dragon. You kick the komodo dragon!
The komodo dragon is moderately wounded.
The komodo dragon closely misses you. You block the komodo dragon's attack.
You closely miss the komodo dragon. You kick the komodo dragon.
The komodo dragon is moderately wounded.
The komodo dragon bites you.
You are too injured to fight recklessly!
You slash the komodo dragon! Your kick misses the komodo dragon.
The komodo dragon is heavily wounded.
The komodo dragon changes into a fire crab!
You slice the fire crab!!
The fire crab is moderately wounded.
The fire crab bites you but does no damage.
The fire crab claws you.
You are engulfed in flames!
* * * LOW HITPOINT WARNING * * *
You hit the fire crab but do no damage.
You kick the fire crab, but do no damage.
The fire crab is moderately wounded.
The fire crab bites you!
* * * LOW HITPOINT WARNING * * *
You are engulfed in flames!
* * * LOW HITPOINT WARNING * * *
The fire crab claws you but does no damage.
You hit the fire crab but do no damage.
The fire crab is moderately wounded.
The fire crab bites you but does no damage.
The fire crab claws you but does no damage.
You hit the fire crab.
The fire crab is moderately wounded.
The fire crab bites you but does no damage.
The fire crab completely misses you.
You hit the fire crab but do no damage.
The fire crab is moderately wounded.
The fire crab breathes flames at you. The blast of flame engulfs you.
* * * LOW HITPOINT WARNING * * *
You slash the fire crab!
The fire crab is heavily wounded.
You are engulfed in blazing flames.
You die...

# ##. .)°## .# ###
#°t### .# #.# .#..
#@°#..#
#.##...#######°°°#
#.####......°####.#
#####.....)...°.....#
#........)..)..........
.......)...............
#.<.#.#.###.#.#......##
#..##...# #.#.########
#..####.# #.#.#


You could see a fire crab shaped shifter.

Vanquished Creatures
  The ghost of gabibbone the Zephyrmancer, a novice DgAE (D:6)
  4 yaks (D:8)
  A wraith (Ossuary)
  A steam dragon (D:7)
  2 water moccasins
  An orc warrior (D:8)
  A sky beast (D:7)
  A black bear (D:6)
  2 ogres
  2 ice beasts (D:5)
  A centaur (D:7)
  2 phantoms
  6 bullfrogs
  An elf zombie (Ossuary)
  A scorpion (D:6)
  2 necrophages (D:4)
  A gnoll sergeant (D:8)
  4 wights (D:7)
  A jelly (D:6)
  3 hounds
  3 orc priests
  An iguana (D:5)
  7 orc wizards
  3 mummies (Ossuary)
  Robin (D:2)
  4 gnolls (D:5)
  8 adders
  2 white imps (D:5)
  An ufetubus (D:4)
  A worm (D:3)
  3 dart slugs
  32 orcs
  5 ball pythons
  6 endoplasms
  4 giant cockroaches (D:1)
  11 hobgoblins
  7 jackals
  8 kobolds
  7 quokkas
  6 bats
  2 frilled lizards (D:2)
  A gnoll zombie (Ossuary)
  17 goblins
  3 goblin zombies (Ossuary)
  4 hobgoblin zombies (Ossuary)
  3 kobold zombies (Ossuary)
  3 rats
191 creatures vanquished.

Vanquished Creatures (others)
  An orc (D:7)
1 creature vanquished.

Grand Total: 192 creatures vanquished

Notes
Turn   | Place    | Note
-------+----------+-------------------------------------------
     0 | D:1      | MovingMist the Demonspawn Fighter began the quest for the
                  | Orb.
     0 | D:1      | Reached XP level 1. HP: 18/18 MP: 1/1
    77 | D:1      | Gained mutation: You are partially covered in sharp spines.
                  | [demonic ancestry]
    77 | D:1      | Reached XP level 2. HP: 24/24 MP: 2/2
   351 | D:1      | Reached skill level 1 in Dodging
   385 | D:1      | Found a faded altar of an unknown god.
   768 | D:1      | Reached XP level 3. HP: 29/29 MP: 3/3
  1402 | D:2      | Gained mutation: You regenerate a little health from kills.
                  | [demonic ancestry]
  1402 | D:2      | Reached XP level 4. HP: 35/35 MP: 4/4
  1522 | D:2      | Noticed Robin
  1545 | D:2      | Reached skill level 2 in Dodging
  1553 | D:2      | Killed Robin
  2047 | D:3      | Reached XP level 5. HP: 42/42 MP: 5/5
  2381 | D:3      | Found a burning altar of Makhleb.
  2381 | D:3      | Found a sacrificial altar of Ru.
  2389 | D:3      | Found a stormy altar of Qazlal.
  2391 | D:3      | Found a faded altar of an unknown god.
  2393 | D:3      | Found a sparkling altar of Nemelex Xobeh.
  2501 | D:4      | Reached skill level 3 in Dodging
  2598 | D:4      | Gained mutation: You are partially covered in razor-sharp
                  | scales. (AC +1, Slay +1) [demonic ancestry]
  2598 | D:4      | Reached XP level 6. HP: 46/48 MP: 6/6
  2938 | D:4      | Noticed a water moccasin
  2947 | D:4      | Killed a water moccasin
  3252 | D:4      | Found a shimmering blue altar of Sif Muna.
  3393 | D:5      | Entered Level 5 of the Dungeon
  3457 | D:5      | Noticed a water moccasin
  3468 | D:5      | Killed a water moccasin
  3469 | D:5      | Reached skill level 4 in Dodging
  3469 | D:5      | Gained mutation: You have large cloven feet. [demonic
                  | ancestry]
  3469 | D:5      | Reached XP level 7. HP: 42/55 MP: 7/7
  3943 | D:5      | Reached skill level 5 in Fighting
  3943 | D:5      | Reached skill level 5 in Dodging
  4267 | D:5      | Gained mutation: You have hoof-like feet. [demonic
                  | ancestry]
  4267 | D:5      | Reached XP level 8. HP: 62/62 MP: 8/8
  4716 | D:6      | Identified the +3 ring mail "Cisoithawk" {rF- Str+4 Int+8
                  | Stlth+}
  4783 | D:6      | Reached skill level 5 in Armour
  4865 | D:6      | Found a snail-covered altar of Cheibriados.
  4889 | D:6      | Reached skill level 6 in Dodging
  5215 | D:6      | Found a hide-covered altar of Uskayaw.
  5315 | D:6      | Found a runed translucent door.
  5316 | D:6      | Noticed gabibbone's ghost (novice DgAE)
  5445 | D:6      | Killed gabibbone's ghost
  5446 | D:6      | Reached skill level 5 in Axes
  5446 | D:6      | Gained mutation: You have hooves in place of feet. [demonic
                  | ancestry]
  5446 | D:6      | Reached XP level 9. HP: 26/69 MP: 9/9
  5662 | D:7      | Found a sand-covered staircase.
  5667 | Ossuary  | Entered an ossuary
  6081 | D:7      | Reached skill level 7 in Dodging
  6369 | D:7      | Found a staircase to the Ecumenical Temple.
  6374 | Temple   | Entered the Ecumenical Temple
  6987 | D:7      | Found a bloodstained altar of Trog.
  7128 | D:8      | Reached skill level 8 in Dodging
  7211 | D:8      | Noticed a komodo dragon
  7216 | D:8      | a komodo dragon changed into a fire crab
  7216 | D:8      | Noticed a fire crab (shapeshifter)
  7221 | D:8      | HP: 2/72 [fire crab (shapeshifter)/blast of flame (3)]
  7222 | D:8      | Engulfed by a fire crab (shapeshifter)'s flame

Illustrated notes

Levels and vault maps discovered:
D:1:      amcnicky_arrival_wind_blow, layout_basic, serial_glass,
          glass_columns_b, glass_columns_c, ebering_ecumenical_altar_mist
D:2:      layout_basic, uniq_robin
D:3:      layout_loops_ring, chequers_temple_overflow_minitemple
D:4:      layout_cave_pods, nicolae_sif_muna_little_library
D:5:      layout_basic, minmay_parallelograms
D:6:      nicolae_cairo_tiling, layout_loops_ring, mainiacjoe_overflow_chevrons,
          mainiacjoe_overflow_boulevard, gammafunk_ghost_grave
D:7:      layout_gridville, trog_hazing_becter, minmay_temple_entry_arrows,
          nicolae_ossuary_entry_plus, minmay_misc_feat_room
D:8:      minmay_ornate_pinched, layout_rooms, mainiacjoe_overflow_catwalk,
          grunt_livestock, nicolae_shop_sticking_my_neck_out
Temple:   compressed_dpeg_circular_temple

Skill      XL: |  1  2  3  4  5  6  7  8  9 |
---------------+----------------------------+-----
Axes           | 2 3 4 5 6 |  6.1
Dodging        | 1 2 3 4 5 6 8 |  8.3
Armour         | 3 4 5 6 |  6.5
Fighting       | 4 5 6 7 |  7.1
Shields        | |  2.6

Action                   |  1- 3 |  4- 6 |  7- 9 || total
-------------------------+-------+-------+-------++-------
Melee: War axe           |    70 |   116 |   306 ||   492
       Kick              |       |       |    83 ||    83
  Use: Scroll            |       |     3 |     1 ||     4
Armor: Scale mail        |    31 |    25 |       ||    56
       Chain mail        |       |    55 |   156 ||   211
Dodge: Dodged            |    21 |    39 |   118 ||   178
Block: Buckler           |    21 |    32 |    71 ||   124

Table legend: (Time is in decaauts)
 A = Elapsed time spent in this place.
 B = Non-inter-level travel time spent in this place.
 C = Inter-level travel time spent in this place.
 D = Time resting spent in this place.
 E = Time spent auto-exploring this place.
 F = Levels seen in this place.
 G = Mean time per level.
                   A        B        C        D        E       F      G
               +--------+--------+--------+--------+--------+-----+--------+
         Total |   7403 |   7001 |    402 |    231 |   4968 |  10 |  740.3 |
       Dungeon |   6858 |   6456 |    402 |    231 |   4840 |   8 |  857.2 |
        Temple |    114 |    114 |      0 |      0 |     76 |   1 |  114.0 |
       Ossuary |    431 |    431 |      0 |      0 |     52 |   1 |  431.0 |
               +--------+--------+--------+--------+--------+-----+--------+

Top non-repeatable levels by time:
     D:5: 1129 daAuts
     D:4: 1093 daAuts
     D:6: 1039 daAuts
     D:1: 1032 daAuts
     D:7: 915 daAuts
     D:2: 880 daAuts
     D:3: 601 daAuts
 Ossuary: 431 daAuts
     D:8: 165 daAuts
  Temple: 114 daAuts
